 Dungeon Crawl Stone Soup version 0.19-a0-262-g5df7875 (webtiles) character file.

1441 Kidiri the Skirmisher (level 8, -18/67 HPs)
             Began as a Merfolk Skald on May 25, 2016.
             Was a Follower of Hepliaklqana.
             Demolished by an orc warrior
             ... wielding a +0 battleaxe
              (24 damage)
             ... on level 6 of the Dungeon.
             The game lasted 00:13:09 (6658 turns).

Kidiri the Skirmisher (Merfolk Skald)               Turns: 6658, Time: 00:13:10

Health: -18/67     AC:  9    Str: 13    XL:     8   Next: 74%
Magic:  6/16       EV: 14    Int: 19    God:    Hepliaklqana [*.....]
Gold:   304        SH:  0    Dex: 13    Spells: 5 memorised, 7 levels left

rFire  + . .     SeeInvis .     a - +0 spear
rCold  . . .     Gourm    .     b - +0 leather armour
rNeg   . . .     Faith    .     (no shield)
rPois  .         Spirit   .     k - +0 helmet
rElec  .         Dismiss  .     (no cloak)
rCorr  +         Reflect  .     B - +3 pair of gloves of the Cast Vote {rF+ MR- rCorr Int+6}
SustAt .         Harm     .     (no boots)
MR     .....     Rnd*Rage +     (no amulet)
Stlth  +.........               (no ring)
                                (no ring)

@: singing, very slightly contaminated, invisible (expiring), not resistant to
hostile enchantments, very unstealthy
A: change form in water, swift swim, berserk 1, regeneration 1, MP-powered wands
a: Recall Ancestor, Ancestor Identity, Renounce Religion, Stop Singing


You were on level 6 of the Dungeon.
You worshipped Hepliaklqana.
Hepliaklqana was aware of your devotion.
You were full.

You visited 1 branch of the dungeon, and saw 6 of its levels.

You collected 304 gold pieces.

Inventory:

Hand Weapons
 a - a +0 spear (weapon)
Armour
 b - a +0 leather armour (worn)
 k - a +0 helmet (worn)
 B - the +3 pair of gloves of the Cast Vote (worn) {rF+ MR- rCorr Int+6}
   (You found it on level 4 of the Dungeon)

   It affects your intelligence (+6).
   It protects you from fire.
   It affects your resistance to hostile enchantments.
   It protects you from acid and corrosion.
Jewellery
 D - an uncursed ring of fire
Wands
 h - a wand of iceblast (9/15)
 x - a wand of iceblast (3/15)
Scrolls
 e - a scroll of fear {unknown}
 f - a scroll of recharging {unknown}
 i - a scroll of immolation {unknown}
 m - a scroll of magic mapping {unknown}
 n - 2 scrolls of amnesia
 p - a scroll of fog {unknown}
 s - a scroll of blinking {unknown}
 v - a scroll of enchant weapon {unknown}
 w - a scroll of remove curse {unknown}
 y - a scroll of teleportation {unknown}
Potions
 j - a potion of agility
 l - 5 potions of curing {unknown}
 o - a potion of cure mutation
 q - a potion of lignification {unknown}
 r - a potion of ambrosia {unknown}
 t - a potion of brilliance {unknown}
 u - a potion of flight {unknown}
 C - 2 potions of heal wounds {unknown}
Books
 c - a book of Battle

   Spells                             Type                      Level
   a - Infusion                       Charms                       1
   b - Shroud of Golubria             Charms/Translocation         2
   c - Song of Slaying                Charms                       2
   d - Spectral Weapon                Hexes/Charms                 3
   e - Regeneration                   Charms/Necromancy            3
Comestibles
 d - 5 bread rations
 A - a beef jerky


   Skills:
 * Level 7.1 Fighting
 + Level 6.8 Polearms
 * Level 4.4 Armour
 + Level 6.1 Dodging
 * Level 5.6 Spellcasting
 + Level 3.6 Hexes
 + Level 5.7 Charms
 + Level 1.0 Necromancy
 + Level 3.3 Translocations
 + Level 4.0 Invocations


You had 7 spell levels left.
You knew the following spells:

 Your Spells              Type           Power        Failure   Level  Hunger
a - Infusion              Chrm           ####         1%          1    None
b - Song of Slaying       Chrm           ####....     1%          2    None
c - Shroud of Golubria    Chrm/Tloc      ###.......   4%          2    None
d - Regeneration          Chrm/Necr      ###.......   12%         3    ##.....
e - Spectral Weapon       Hex/Chrm       ###.....     8%          3    ##.....


Dungeon Overview and Level Annotations

Branches:
Dungeon (6/15)
 Temple: D:4-7

Altars:
Hepliaklqana
Sif Muna
Trog

Shops:
D:4 *}


Innate Abilities, Weirdness & Mutations

You revert to your normal form in water.
You are very nimble and swift while swimming.
You tend to lose your temper in combat.
Your natural rate of healing is unusually fast.
You expend magic power (3 MP) to strengthen your wands.


Message History

Attack whom?
Press: ? - help, Dir - move target cursor, f/p - orc warrior
Aim: an orc warrior, wielding a battleaxe and wearing a plate armour (heavily wounded)
You reach to attack!
You barely miss the orc warrior.
The orc warrior is heavily wounded.
Attack whom?
Press: ? - help, Dir - move target cursor, f/p - orc warrior
Aim: an orc warrior, wielding a battleaxe and wearing a plate armour (heavily wounded)
The orc wizard is in the way.
You catch the helpless orc wizard completely off-guard!
You hit the orc wizard.
You kill the orc wizard!
Attack whom?
Press: ? - help, Dir - move target cursor, f/p - orc warrior
Aim: an orc warrior, wielding a battleaxe and wearing a plate armour (heavily wounded)
You catch the helpless orc warrior completely off-guard!
You hit the orc warrior but do no damage.
The orc warrior is heavily wounded.
The orc warrior hits you with a battleaxe!!
You die...

#.. . #..#.# #...
####.###.#
#........#
#@##.##..#
######o##.##..####
.........)........
#######.##)##.....
#.##.##.####
#.......####
#........<.#
#.#####.##.# #.#
#.# .#


You could see an orc warrior.

Vanquished Creatures
  Grinder (D:5)
  An ice beast (D:5)
  2 ogres
  2 centaurs
  A howler monkey (D:5)
  2 orc wizards
  Ijyb (D:2)
  3 worker ants (D:5)
  2 gnolls (D:4)
  4 adders
  An adder skeleton (D:5)
  2 worms (D:3)
  4 dart slugs
  5 giant geckos
  13 orcs
  A ball python (D:1)
  7 giant cockroaches
  10 goblins
  11 hobgoblins
  4 jackals (D:3)
  9 kobolds
  4 quokkas (D:2)
  4 bats
  A giant gecko skeleton (D:5)
  6 giant newts
  8 rats
109 creatures vanquished.

Vanquished Creatures (collateral kills)
  An ogre (D:5)
  2 phantoms
  A centaur zombie (D:5)
  A gnoll (D:4)
  A shadow imp (D:5)
  2 orcs (D:4)
  A giant cockroach (D:3)
  A kobold (D:3)
10 creatures vanquished.

Vanquished Creatures (others)
  2 ancestors
  A spectral weapon (D:6)
3 creatures vanquished.

Grand Total: 122 creatures vanquished

Notes
Turn   | Place    | Note
--------------------------------------------------------------
     0 | D:1      | Kidiri the Merfolk Skald began the quest for the Orb.
     0 | D:1      | Reached XP level 1. HP: 16/16 MP: 3/3
   250 | D:1      | Reached XP level 2. HP: 23/23 MP: 0/5
   673 | D:1      | Reached XP level 3. HP: 28/28 MP: 6/6
   727 | D:1      | Reached skill level 1 in Armour
  1120 | D:2      | Learned a level 2 spell: Song of Slaying
  1123 | D:2      | Learned a level 2 spell: Shroud of Golubria
  1490 | D:2      | Reached skill level 3 in Fighting
  1507 | D:2      | Noticed Ijyb
  1529 | D:2      | Killed Ijyb
  1529 | D:2      | Reached XP level 4. HP: 19/35 MP: 0/7
  2730 | D:3      | Reached XP level 5. HP: 41/41 MP: 1/8
  2748 | D:3      | HP: 2/41 [orc wizard/dagger (1)]
  2752 | D:3      | Reached skill level 1 in Translocations
  3149 | D:3      | Noticed an ogre
  3161 | D:3      | Killed an ogre
  3161 | D:3      | Reached XP level 6. HP: 27/48 MP: 0/10
  3175 | D:3      | Learned a level 3 spell: Spectral Weapon
  3416 | D:3      | Noticed a moth of wrath
  3427 | D:3      | Found a bloodstained altar of Trog.
  3735 | D:3      | Found a hazy altar of Hepliaklqana.
  3780 | D:3      | Became a worshipper of Hepliaklqana
  4268 | D:3      | Reached skill level 6 in Fighting
  4268 | D:3      | Reached skill level 5 in Dodging
  4268 | D:3      | Reached skill level 5 in Spellcasting
  4268 | D:3      | Reached skill level 5 in Charms
  4268 | D:3      | Reached XP level 7. HP: 59/59 MP: 10/15
  4410 | D:4      | Found a deep blue altar of Sif Muna.
  4600 | D:4      | Learned a level 3 spell: Regeneration
  4952 | D:4      | Found Hoblowac's Elemental Accessories.
  4957 | D:4      | Reached * piety under Hepliaklqana
  5295 | D:4      | Got a pair of scorched gloves
  5301 | D:4      | Identified the +3 pair of gloves of the Cast Vote {rF+ MR- rCorr Int+6} (You found it on level 4 of the Dungeon)
  5304 | D:4      | Gained mutation: You expend magic power (3 MP) to strengthen your wands. [potion of mutation]
  5304 | D:4      | Gained mutation: You tend to lose your temper in combat. [potion of mutation]
  5304 | D:4      | Gained mutation: Your natural rate of healing is unusually fast. [potion of mutation]
  5430 | D:4      | Found Xuitaweu's Gadget Boutique.
  5650 | D:5      | Entered Level 5 of the Dungeon
  5961 | D:5      | Noticed Grinder
  6005 | D:5      | Paralysed by Grinder for 3 turns
  6018 | D:5      | Paralysed by Grinder for 2 turns
  6022 | D:5      | Killed Grinder
  6022 | D:5      | Reached skill level 7 in Fighting
  6022 | D:5      | Reached XP level 8. HP: 31/67 MP: 16/16
  6623 | D:6      | Reached skill level 1 in Necromancy
  6643 | D:6      | HP: 1/67 [orc wizard/magic dart (5)]
  6658 | D:6      | Demolished by an orc warrior

Vault maps used:
D:1:      dpeg_chamrin_arrival_tetris
D:2:      serial_bayou_ford_a, uniq_iyjb
D:3:      lemuel_crystal_altar, tgw_trog, first_bread
D:4:      corexii_shack_village, old_standard_altar, serial_shops, shop,
          nicolae_elemental_shop
D:5:      hex_tiny, uniq_grinder
D:6:      nicolae_overflow_hidden_temple, minmay_temple_entry_purple_smoke

Skill      XL: |  1  2  3  4  5  6  7  8 |
---------------+-------------------------+-----
Armour         | 1 4 |  4.4
Dodging        | 2 3 5 6 |  6.1
Fighting       | 3 6 7 |  7.1
Translocations | 1 3 |  3.3
Polearms       | 6 |  6.8
Spellcasting   | 5 |  5.6
Hexes          | 3 |  3.6
Charms         | 5 |  5.7
Invocations    | 3 4 |  4.0
Necromancy     | 1 |  1.0

Action                   |  1- 3 |  4- 6 |  7- 9 || total
-------------------------+-------+-------+-------++-------
Melee: Spear             |   148 |   177 |   303 ||   628
 Cast: Infusion          |     2 |     2 |     3 ||     7
       Shroud of Golubri |     1 |     2 |     5 ||     8
       Song of Slaying   |     1 |     1 |     2 ||     4
       Spectral Weapon   |       |     1 |     1 ||     2
  Use: Scroll            |       |     2 |     4 ||     6
       Potion            |       |     1 |     2 ||     3
 Stab: Sleeping          |     1 |     2 |     1 ||     4
       Distracted        |       |       |     1 ||     1
       Invisible         |       |       |     4 ||     4
  Eat: Chunk             |     2 |     8 |     5 ||    15
       Meat ration       |       |       |     2 ||     2
Armor: Leather armour    |    40 |    28 |    51 ||   119
Dodge: Dodged            |    67 |    78 |   126 ||   271
